 Dungeon Crawl Stone Soup version 0.27.0-1-g7a089689b8 (webtiles) character file.

Game seed: 18026990162713954896

106 DocSulfur the Shield-Bearer (level 5, 35/40 HPs)
             Began as a Djinni Fighter on Aug 5, 2021.
             Got out of the dungeon alive.
             The game lasted 00:09:35 (2312 turns).

DocSulfur the Shield-Bearer (Djinni Fighter)        Turns: 2312, Time: 00:09:36

Health: 35/40      AC:  6    Str: 15    XL:     5   Next: 10%
Gold:   117        EV:  7    Int: 10    God:
                   SH:  9    Dex: 13

rFire    + + .     SeeInvis .   a - +0 long sword
rCold    x . .     Faith    .   c - +0 kite shield
rNeg     . . .     Spirit   .   b - +0 scale mail
rPois    ∞         Reflect  .   (no helmet)
rElec    .         Harm     .   (no cloak)
rCorr    .         Rampage  .   (no gloves)
Will     .....                  (boots unavailable)
Stlth    ..........             (no amulet)
HPRegen  0.13/turn              (no ring)
MPRegen  0.00/turn              (no ring)

@: flying
A: sickness immunity, fire resistance 2, cold vulnerability 1, float, innate
caster, hp casting, extra vitality 1
a: no special abilities


You escaped.
You visited 1 branch of the dungeon, and saw 4 of its levels.

You collected 117 gold pieces.

Inventory:

Hand Weapons
 a - a +0 long sword (weapon)
 h - a +0 hand axe
 l - a +0 spear
Missiles
 m - a throwing net (quivered)
Armour
 b - a +0 scale mail (worn)
 c - a +0 kite shield (worn)
 f - a +0 robe
Wands
 i - a wand of acid (3)
Scrolls
 e - 3 scrolls of blinking {unknown}
 g - a scroll of identify {unknown}
 j - a scroll of teleportation {unknown}
 o - a scroll of holy word {unknown}
Potions
 d - a potion of might
 k - a potion of haste {unknown}
 n - a potion of berserk rage {unknown}


   Skills:
 - Level 3.1 Fighting
 + Level 2.4 Long Blades
 - Level 3.2 Armour
 * Level 4.2 Shields
 + Level 1.1 Spellcasting


You had 3 spell levels left.
You knew the following spells:

 Your Spells              Type           Power      Damage    Failure   Level
a - Foxfire               Conj/Fire      8%         2x1d4     97%         1
b - Passwall              Tmut/Erth      1%         N/A       99%         2
Your spell library was empty.

Dungeon Overview and Level Annotations

Branches:
Dungeon (4/15)
 Temple: D:4-7

Altars:
Fedhas
Yredelemnul

Shops:
D:3 [

Annotations:
D:3 Jessica, Terence


Innate Abilities, Weirdness & Mutations

You are immune to sickness and miasma.
You are immune to poison.
Your flesh is very heat resistant. (rF++)
You are vulnerable to cold. (rC-)
You float through the air rather than walking.
You learn spells naturally, not from books.
Your magical power is your life essence.
You have superior vitality. (+4 HP)


Message History

Level annotation: Jessica
There is a stone staircase leading down here.
Terence the Incautious comes into view.
He is wielding a +1 flail of protection.
Terence shouts!
Terence says, "Did you write a will?
You should..."
There is a stone staircase leading up here.
You fly upwards.
There is a stone staircase leading down here.
You start resting.
HP restored.
Unknown command.
Save game and exit?
Welcome back, DocSulfur the Djinni Fighter.
Press ? for a list of commands and other information.
(D) Dungeon
Where to? (? - help)
Okay, then.
Are you sure you want to abandon this character and quit the game? (Confirm with "yes".)
Okay, then.
There is a stone staircase leading up here.
You fly upwards.
There is a stone staircase leading down here.
You see here a book of Dreams.
An endoplasm is nearby!
You can't go up here!
The endoplasm quivers.
The endoplasm freezes you.
You are frozen!
You feel a terrible chill!
You hit the endoplasm.
The endoplasm is severely wounded.
The endoplasm barely misses you.
You riposte.
You hit the endoplasm.
You kill the endoplasm!
No target in view!
No target in view!
No target in view!
No target in view!
No target in view!
There is a staircase leading out of the dungeon here.
Are you sure you want to leave the Dungeon?
This will make you lose the game!
You have escaped!

###...# #J##P≈≈#
#.### #≈P≈##.# #.#
#P≈P##.#
#.#####≈≈P...#
#...≈≈≈#####.#
#.##≈≈P# #.#
######.##P≈≈# ###.#
.....#P≈P##.# #...#
####.#≈≈P##.###.@.#
...#.#≈P≈.........#
...#.##############
####.# .....#
####.# ###


There were no monsters in sight!

Vanquished Creatures
  An adder (D:3)
  4 gnolls
  2 worms
  3 dart slugs
  An orc (D:2)
  5 endoplasms
  A giant cockroach (D:3)
  5 goblins
  4 hobgoblins
  6 jackals
  A quokka (D:3)
  6 ball pythons
  A bat (D:3)
  A frilled lizard (D:3)
  3 kobolds
  2 rats (D:1)
46 creatures vanquished.

Vanquished Creatures (others)
  5 plants (D:1)
5 creatures vanquished.

Grand Total: 51 creatures vanquished

Notes
Turn   | Place    | Note
-------+----------+-------------------------------------------
     0 | D:1      | DocSulfur the Djinni Fighter began the quest for the Orb.
     0 | D:1      | Reached XP level 1. HP: 20/20 MP: 0/0
    31 | D:1      | Reached XP level 2. HP: 13/25 MP: 0/0
   523 | D:1      | Reached XP level 3. HP: 9/30 MP: 0/0
   523 | D:1      | Learned a level 1 spell: Foxfire
  1481 | D:2      | Reached XP level 4. HP: 32/35 MP: 0/0
  1519 | D:2      | Reached skill level 4 in Shields
  1708 | D:2      | Reached skill level 1 in Spellcasting
  1949 | D:3      | Found a blossoming altar of Fedhas.
  2045 | D:3      | Found Xuatt's Armour Shoppe.
  2072 | D:3      | Reached XP level 5. HP: 39/40 MP: 0/0
  2072 | D:3      | Learned a level 2 spell: Passwall
  2120 | D:3      | Noticed Jessica
  2198 | D:4      | Found a basalt altar of Yredelemnul.
  2206 | D:3      | Noticed Terence
  2312 | D:$      | Got out of the dungeon alive.

Illustrated notes

Levels and vault maps discovered:
D:1:      psy_arrival_conway, layout_basic, minmay_tall_x
D:2:      layout_rooms
D:3:      layout_rooms, mainiacjoe_overflow_cross_hatched, serial_shops, shop,
          hellmonk_ecumenical_altar_pennies_from_heaven, uniq_terence,
          uniq_jessica
D:4:      layout_cave_pools, lemuel_tele_altar, yredelemnul_altar_generic,
          uniq_blork_the_orc, uniq_eustachio

Skill      XL: |  1  2  3  4 |
---------------+-------------+-----
Long Blades    | 2 |  2.4
Shields        | 4 |  4.2
Spellcasting   | 1 |  1.1
Fighting       | |  3.1
Armour         | |  3.2

Action                   |  1- 3 |  4- 6 || total
-------------------------+-------+-------++-------
Melee: Long sword        |    68 |    69 ||   137
Armor: Scale mail        |    17 |    33 ||    50
       Robe              |     1 |       ||     1
Dodge: Dodged            |    17 |    32 ||    49
Block: Kite shield       |    28 |    45 ||    73
       Rpst.: Long sword |     4 |    10 ||    14
